 Dungeon Crawl Stone Soup version 0.27.1-2-g3b301248ec (webtiles) character file.

Game seed: 10233175262221251289

267 Borgoz the Skirmisher (level 6, 0/58 HPs)
             Began as a Gargoyle Berserker on Sept 26, 2021.
             Was a Priest of Trog.
             Slain by an orc (1 damage)
             ... on level 4 of the Dungeon.
             The game lasted 00:03:30 (4169 turns).

Borgoz the Skirmisher (Gargoyle Berserker)          Turns: 4169, Time: 00:03:30

Health: 0/58       AC:  7    Str: 20    XL:     6   Next: 21%
Magic:  6/6        EV: 12    Int:  8    God:    Trog [***...]
Gold:   149        SH:  5    Dex: 17    Spells: 5/5 levels left

rFire    . . .     SeeInvis .   e - +1 flail (holy)
rCold    . . .     Faith    .   (no shield)
rNeg     + . .     Spirit   .   c - +0 ring mail
rPois    ∞         Reflect  +   (no helmet)
rElec    +         Harm     .   (no cloak)
rCorr    .         Rampage  .   (no gloves)
Will     ++...                  a - +0 pair of boots
Stlth    ..........             f - amulet of reflection
HPRegen  1.19/turn              j - +6 ring of dexterity
MPRegen  0.10/turn              (no ring)

@: berserking, strong-willed, corroded, regenerating, very quick
A: sickness immunity, AC +4, negative energy resistance 1, electricity
resistance, torment resistance 1, petrification resistance
a: Renounce Religion, Berserk, Trog's Hand


You were on level 4 of the Dungeon.
You worshipped Trog.
Trog was most pleased with you.
You visited 1 branch of the dungeon, and saw 4 of its levels.

You collected 149 gold pieces.

Inventory:

Hand Weapons
 e - a +1 flail of holy wrath (weapon)
Armour
 a - a +0 pair of boots (worn)
 c - a +0 ring mail (worn)
Jewellery
 f - an amulet of reflection (around neck)
 j - a +6 ring of dexterity (left hand)
Wands
 i - a wand of flame (22)
Scrolls
 d - 6 scrolls of identify {unknown}
Potions
 b - 5 potions of curing {unknown}
 g - a potion of might {unknown}
 h - a potion of heal wounds {unknown}
 k - 2 potions of flight {unknown}


   Skills:
 + Level 4.6 Fighting
 + Level 4.2 Maces & Flails
 + Level 3.9 Armour
 + Level 2.9 Dodging


You had 5 spell levels left.
You didn't know any spells.
Your spell library was empty.

Dungeon Overview and Level Annotations

Branches:
Dungeon (4/15)
 Temple: D:4-7

Altars:

Shops:
D:1 !


Innate Abilities, Weirdness & Mutations

You are immune to sickness and miasma.
Your stone body is resilient. (AC +4)
You are immune to poison.
You resist negative energy. (rN+)
You are resistant to electric shocks. (rElec)
You are resistant to unholy torment.
You are immune to petrification.


Message History

Something hits you but does no damage. The jelly misses you.
The orc hits you from afar with a +0 trident.
You bump into the rock wall.
You feel less confused. The orc hits you but does no damage.
The kobold hits you with a +2 dagger of holy wrath.
Something hits you. The orc misses you. You block the jelly's attack.
You hit the jelly.
Your hands burn!
The jelly is almost dead.
The orc closely misses you. You block the kobold's attack.
You hear some strange, mumbled words.
A magic dart appears from out of thin air!
The magic dart hits you but does no damage.
The orc closely misses you. The jelly hits you.
You are splashed with acid.
* * * LOW HITPOINT WARNING * * *
The orc hits you but does no damage.
You hit the jelly.
You kill the jelly!
Trog accepts your kill. The kobold closely misses you. Something hits you.
* * * LOW HITPOINT WARNING * * *
You block the orc's attack. The orc hits you with a +0 hand axe.
* * * LOW HITPOINT WARNING * * *
The kobold closely misses you.
Your skin crawls.
You feel strong-willed. Something hits you but does no damage.
The orc hits you from afar with a +0 trident.
* * * LOW HITPOINT WARNING * * *
The orc misses you. The kobold barely misses you.
A red film seems to cover your vision as you go berserk!
You feel yourself moving faster!
You feel mighty! Something hits you but does no damage.
The orc hits you from afar with a +0 trident.
* * * LOW HITPOINT WARNING * * *
The orc barely misses you. The kobold hits you but does no damage.
You closely miss the kobold. Something hits you.
* * * LOW HITPOINT WARNING * * *
The orc hits you from afar with a +0 trident.
You die...

#..# #..# #. #..## #.
#...# #. #...# #####.####
#...# ##........# #...#
...)..o{o# #...#
.<......@# #....
.......K## #....
.......g.#### #..(.
.......#....#### #....
......#####....######..##
...... ####........##
#....# ##....##..# ###.#
#.......#.## ##
##......†...#


You could see 2 orcs, a goblin and a kobold.

Vanquished Creatures
  A hound (D:4)
  A jelly (D:4)
  2 orc wizards (D:2)
  7 adders
  An adder skeleton (D:4)
  3 worms
  2 dart slugs (D:1)
  2 orcs
  9 ball pythons
  9 endoplasms
  2 giant cockroaches (D:1)
  6 goblins
  5 hobgoblins
  3 jackals (D:1)
  2 quokkas
  4 bats
  5 frilled lizards
  9 kobolds
  9 rats
82 creatures vanquished.

Notes
Turn   | Place    | Note
-------+----------+-------------------------------------------
     0 | D:1      | Borgoz the Gargoyle Berserker began the quest for the Orb.
     0 | D:1      | Reached XP level 1. HP: 14/14 MP: 1/1
    29 | D:1      | Reached XP level 2. HP: 19/19 MP: 2/2
   577 | D:1      | Reached XP level 3. HP: 23/23 MP: 3/3
   583 | D:1      | Found Nobb's Distillery.
   591 | D:1      | Reached ** piety under Trog
  1382 | D:2      | Found a faded altar of an unknown god.
  1591 | D:2      | Reached XP level 4. HP: 25/29 MP: 4/4
  1754 | D:2      | Reached XP level 5. HP: 19/33 MP: 5/5
  2175 | D:2      | Reached *** piety under Trog
  3981 | D:4      | Reached XP level 6. HP: 39/39 MP: 6/6
  4167 | D:4      | HP: 1/39 [orc (3)]
  4169 | D:4      | Slain by an orc

Illustrated notes

Levels and vault maps discovered:
D:1:      lightli_arrival_boilingwater, layout_basic, serial_shops, shop,
          chequers_big_river
D:2:      minmay_evil_eye, layout_basic, hellmonk_ecumenical_altar_slurped_away,
          minmay_pentomino_s4
D:3:      layout_basic
D:4:      layout_cave_pods

Skill      XL: |  1  2  3  4  5 |
---------------+----------------+-----
Dodging        | 2 |  2.9
Armour         | 3 |  3.9
Fighting       | 4 |  4.6
Maces & Flails | 4 |  4.2

Action                   |  1- 3 |  4- 6 || total
-------------------------+-------+-------++-------
Melee: Mace              |   133 |    27 ||   160
       Flail             |       |   118 ||   118
Invok: Berserk           |     1 |     3 ||     4
       Trog's Hand       |       |     1 ||     1
Armor: Animal skin       |    13 |       ||    13
       Ring mail         |    68 |    83 ||   151
Dodge: Dodged            |   104 |    97 ||   201
Block: Other             |       |    19 ||    19
